 Dungeon Crawl Stone Soup version 0.30-a0-415-g685d318daa (webtiles) character file.

Game seed: 6538629203151700004

71 Emberiza the Digger (level 4, -1/24 HPs)
             Began as a Gargoyle Earth Elementalist on Dec 7, 2022.
             Slain by Terence
             ... wielding the +7 Throatcutter {drain, coup de grace}
              (5 damage)
             ... on level 2 of the Dungeon.
             The game lasted 00:04:15 (1682 turns).

Emberiza the Digger (Gargoyle Earth Elementalist)   Turns: 1682, Time: 00:04:16

Health: -1/24      AC:  5    Str: 11    XL:     4   Next: 24%
Magic:  2/8        EV: 12    Int: 18    God:
Gold:   69         SH:  0    Dex: 10    Spells: 4/8 levels left

rFire   + . .      SeeInvis .    d - staff of fire
rCold   . . .      Faith    .    (no shield)
rNeg    + . .      Spirit   .    a - +0 robe
rPois   ∞          Reflect  .    (no helmet)
rElec   +          Harm     .    (no cloak)
rCorr   .          Rampage  .    (no gloves)
Will    .....                    (no boots)
Stlth   ++........               (no amulet)
HPRegen 0.24/turn                (no ring)
MPRegen 0.11/turn                (no ring)

@: very slightly contaminated
A: sickness immunity, AC +3, negative energy resistance 1, electricity
resistance, torment resistance 1, petrification resistance
a: no special abilities


You were on level 2 of the Dungeon.
You visited 1 branch of the dungeon, and saw 2 of its levels.

You collected 69 gold pieces.

Inventory:

Armour
 a - a +0 robe (worn)
Magical Staves
 d - a staff of fire (weapon)
Potions
 b - a potion of magic
 c - a potion of lignification {unknown}
 e - a potion of flight {unknown}
 f - a potion of mutation {unknown}
 g - a potion of heal wounds {unknown}
 h - a potion of ambrosia {unknown}


   Skills:
 - Level 1.7 Dodging
 - Level 2.3 Stealth
 - Level 2.6 Spellcasting
 + Level 0.4 Conjurations
 - Level 1.0 Transmutations
 + Level 5.0 Earth Magic


You had 4 spell levels left.
You knew the following spells:

 Your Spells              Type           Power      Damage    Failure   Level
a - Sandblast             Erth           40%        2d10      1%          1
b - Stone Arrow           Conj/Erth      24%        3d8       16%         3

Your spell library contained the following spells:

 Spells                   Type           Power      Damage    Failure   Level
 Passwall                 Tmut/Erth      10%        N/A       8%          2
 Slow                     Hex            8%         N/A       17%         1
 Petrify                  Tmut/Erth      13%        N/A       43%         4
 Confusing Touch          Hex            2%         N/A       45%         3
 Gell's Gravitas          Tloc           2%         N/A       45%         3
 Lesser Beckoning         Tloc           4%         N/A       45%         3
 Teleport Other           Tloc           2%         N/A       45%         3
 Vampiric Draining        Necr           2%         2d6       45%         3
 Manifold Assault         Tloc           2%         N/A       86%         4
 Dispersal                Tloc           1%         N/A       100%        6
 Disjunction              Tloc           1%         N/A       100%        8


Dungeon Overview and Level Annotations

Branches:
Dungeon (2/15)

Altars:

Annotations:
D:2 Terence


Innate Abilities, Weirdness & Mutations

You are immune to sickness and miasma.
Your stone body is resilient. (AC +3)
You are immune to poison.
You resist negative energy. (rN+)
You are resistant to electric shocks. (rElec)
You are resistant to unholy torment.
You are immune to petrification.


Message History

The blast of sand hits Terence but does no damage.
Terence is lightly wounded.
The blast of sand hits Terence.
Terence is lightly wounded.
Terence completely misses you.
The blast of sand hits Terence but does no damage.
Terence is lightly wounded.
A goblin comes into view. It is wielding a +0 dagger.
Terence barely misses you.
Terence hits you with the +7 Throatcutter {drain, coup de grace}!
The blast of sand hits Terence.
Terence is moderately wounded.
The goblin shouts!
Terence hits you with the +7 Throatcutter {drain, coup de grace}.
* * * LOW HITPOINT WARNING * * *
You are too injured to fight recklessly!
You are too injured to fight recklessly!
Terence says, "You're history."
Terence attacks as you move away!
Terence hits you with the +7 Throatcutter {drain, coup de grace}.
* * * LOW HITPOINT WARNING * * *
Terence attacks as you move away! Terence barely misses you.
Terence attacks as you move away! Terence misses you.
Terence attacks as you move away! Terence barely misses you.
Terence attacks as you move away! Terence misses you.
Terence attacks as you move away!
Terence hits you with the +7 Throatcutter {drain, coup de grace}!
* * * LOW HITPOINT WARNING * * *
Found a stone staircase leading down.
Casting: Sandblast (safe; 1% risk of failure)
Confirm with . or Enter, or press ? or * to list all spells.
The spell is quite dangerous to miscast (16% risk of failure)!
Continue anyway?
Aiming: Stone Arrow (quite dangerous; 16% risk of failure)
Press: ? - help, Shift-Dir - straight line, f/p - Terence
Aim: Terence, wielding the +7 Throatcutter {drain, coup de grace} and wearing a +0 scale mail (moderately wounded, 72% to hit)
You miscast Stone Arrow.
You are very lightly contaminated with residual magic.
Nothing appears to happen.
Terence hits you with the +7 Throatcutter {drain, coup de grace}.
You die...

######............#
#...
............#.##
### ####
########.##.#.#
#.##.#.# #g##.#.#
#.##.#.# #
#.##.#.###########
#@##.#............
#@.....###########
#.#.#### # #.#.#
#.#.# #.#. #.#.
#.#. #># ####


You could see Terence and a goblin.

Vanquished Creatures
  Robin (D:2)
  A worm (D:2)
  4 bats
  7 endoplasms
  4 giant cockroaches
  9 goblins
  5 hobgoblins
  2 jackals (D:1)
  6 kobolds
  2 quokkas
  5 ball pythons
  4 rats
50 creatures vanquished.

Notes
Turn   | Place    | Note
-------+----------+-------------------------------------------
     0 | D:1      | Emberiza the Gargoyle Earth Elementalist began the quest
                  | for the Orb.
     0 | D:1      | Reached XP level 1. HP: 10/10 MP: 3/3
   146 | D:1      | Reached skill level 1 in Transmutations
   146 | D:1      | Reached XP level 2. HP: 15/15 MP: 3/5
   553 | D:1      | Reached skill level 4 in Earth Magic
   648 | D:1      | Reached XP level 3. HP: 19/19 MP: 1/6
   652 | D:1      | Learned a level 3 spell: Stone Arrow
  1272 | D:2      | Noticed Robin
  1318 | D:2      | Killed Robin
  1319 | D:2      | Reached skill level 5 in Earth Magic
  1319 | D:2      | Reached XP level 4. HP: 18/24 MP: 0/8
  1665 | D:2      | Noticed Terence
  1682 | D:2      | Slain by Terence

Illustrated notes

Levels and vault maps discovered:
D:1:      dpeg_arrival_central, layout_basic
D:2:      layout_loops_ring, uniq_robin, uniq_terence

Skill      XL: |  1  2  3 |
---------------+----------+-----
Transmutations | 1 |  1.0
Earth Magic    | 4 5 |  5.0
Dodging        | |  1.7
Stealth        | |  2.3
Spellcasting   | |  2.6
Conjurations   | |  0.4

Action                   |  1- 3 |  4- 6 || total
-------------------------+-------+-------++-------
 Cast: Sandblast         |    55 |    15 ||    70
  Use: Scroll            |     5 |       ||     5
Armor: Robe              |     6 |     1 ||     7
Dodge: Dodged            |    15 |    12 ||    27

Table legend: (Time is in decaauts)
 A = Elapsed time spent in this place.
 B = Non-inter-level travel time spent in this place.
 C = Inter-level travel time spent in this place.
 D = Time resting spent in this place.
 E = Time spent auto-exploring this place.
 F = Levels seen in this place.
 G = Mean time per level.
                   A        B        C        D        E       F      G
               +--------+--------+--------+--------+--------+-----+--------+
         Total |   1716 |   1689 |     27 |      0 |   1368 |   2 |  858.0 |
       Dungeon |   1716 |   1689 |     27 |      0 |   1368 |   2 |  858.0 |
               +--------+--------+--------+--------+--------+-----+--------+

Top non-repeatable levels by time:
     D:1: 1097 daAuts
     D:2: 619 daAuts
